 Dungeon Crawl Stone Soup version 0.29-a0-284-gf9362112df (webtiles) character file.

Game seed: 10087355292699883094

110 rabbitsville the Shooter (level 4, -4/37 HPs)
             Began as a Demigod Hunter on Mar 29, 2022.
             Slain by Ijyb
             ... wielding a +0 club
              (6 damage)
             ... on level 3 of the Dungeon.
             The game lasted 00:07:09 (2099 turns).

rabbitsville the Shooter (Demigod Hunter)           Turns: 2099, Time: 00:07:11

Health: -4/37      AC:  4    Str: 12    XL:     4   Next: 35%
Magic:  6/6        EV: 12    Int: 11    God:
Gold:   162        SH:  0    Dex: 21    Spells: 3/3 levels left

rFire   . . .      SeeInvis .   b - +2 hand axe (drain)
rCold   . . .      Faith    .   (no shield)
rNeg    . . .      Spirit   .   e - +0 leather armour
rPois   .          Reflect  .   f - +0 helmet
rElec   .          Harm     .   (no cloak)
rCorr   .          Rampage  .   (no gloves)
Will    .....                   (no boots)
Stlth   ++........              (no amulet)
HPRegen 0.12/turn               (no ring)
MPRegen 0.10/turn               (no ring)

@: no status effects
A: high MP 1, forlorn, divine attributes
a: no special abilities


You were on level 3 of the Dungeon.
You visited 1 branch of the dungeon, and saw 3 of its levels.

You collected 162 gold pieces.

Inventory:

Hand Weapons
 a - a +1 shortbow
 b - a +2 hand axe of draining (weapon)
Armour
 e - a +0 leather armour (worn)
 f - a +0 helmet (worn)
Jewellery
 n - a ring of ice
Scrolls
 c - a scroll of immolation
 d - 2 scrolls of fear {unknown}
 h - 2 scrolls of brand weapon {unknown}
 j - 2 scrolls of identify {unknown}
 k - a scroll of summoning {unknown}
 l - a scroll of fog {unknown}
Potions
 g - a potion of attraction {unknown}
 i - a potion of curing {unknown}
 m - a potion of flight {unknown}


   Skills:
 + Level 2.8 Fighting
 * Level 5.0 Bows
 - Level 1.7 Dodging
 - Level 0.8 Stealth


You had 3 spell levels left.
You didn't know any spells.
Your spell library was empty.

Dungeon Overview and Level Annotations

Branches:
Dungeon (3/15)

Annotations:
D:3 Ijyb


Innate Abilities, Weirdness & Mutations

You have an increased reservoir of magic. (+10% MP)
You shall have no god before yourself.
Your divine heritage dramatically boosts your attributes as you level up.


Message History

* * * LOW HITPOINT WARNING * * *
You closely miss the phantom.
The phantom is lightly damaged.
The phantom hits you but does no damage.
You hit the phantom.
The phantom is moderately damaged.
The phantom hits you.
* * * LOW HITPOINT WARNING * * *
The phantom blinks!
You blink.
Ijyb, a goblin and an adder come into view.
Ijyb is wielding a +0 club and carrying a wand of paralysis (5).
Found an escape hatch in the floor.
You closely miss the phantom.
The phantom is moderately damaged.
The phantom hits you.
* * * LOW HITPOINT WARNING * * *
The phantom blinks!
You blink.
The phantom attacks as you move away! The phantom completely misses you.
You closely miss the phantom.
The phantom is moderately damaged.
The phantom hits you.
* * * LOW HITPOINT WARNING * * *
The phantom blinks!
You blink.
The phantom closely misses you.
The goblin shouts!
You hit the phantom.
The phantom is moderately damaged.
You completely miss the goblin.
Ijyb shouts!
The phantom closely misses you. The goblin misses you.
You strike the helpless adder from behind!
You slash the adder! You drain the adder.
You kill the adder!
You hit the phantom. You closely miss the goblin.
The phantom barely misses you.
Your Bows skill increases to level 5!
You miss the phantom.
The phantom is heavily damaged.
You closely miss Ijyb. The phantom closely misses you.
The goblin barely misses you. Ijyb hits you with a +0 club.
You die...

..#.#)...##
..#.#.....#
..#.#####'####
..#.# #.....#
....# #.....#
..### #.....#
..# #####.# ..#
#..>.########
..#
#.......@...#
..#
#......gWg..#
..#
#...............
..#
#...!.......####
###
+......######
#.....## #####.#
#.# .#


You could see a phantom, Ijyb and a goblin.

Vanquished Creatures
  Jessica (D:3)
  3 adders
  A worm (D:2)
  A dart slug (D:2)
  5 orcs (D:3)
  6 ball pythons
  2 bats
  3 endoplasms
  A giant cockroach (D:1)
  5 hobgoblins
  2 jackals (D:2)
  4 frilled lizards
  6 goblins
  4 kobolds
  5 rats
49 creatures vanquished.

Notes
Turn   | Place    | Note
-------+----------+-------------------------------------------
     0 | D:1      | rabbitsville the Demigod Hunter began the quest for the
                  | Orb.
     0 | D:1      | Reached XP level 1. HP: 17/17 MP: 3/3
   170 | D:1      | Reached XP level 2. HP: 24/24 MP: 4/4
   193 | D:1      | Reached skill level 4 in Bows
  1311 | D:2      | Reached XP level 3. HP: 29/29 MP: 5/5
  2034 | D:3      | Noticed Jessica
  2039 | D:3      | Killed Jessica
  2040 | D:3      | Reached XP level 4. HP: 37/37 MP: 6/6
  2085 | D:3      | Noticed a phantom
  2093 | D:3      | Noticed Ijyb
  2096 | D:3      | HP: 1/37 [phantom (2)]
  2099 | D:3      | Reached skill level 5 in Bows
  2099 | D:3      | Slain by Ijyb

Illustrated notes

Levels and vault maps discovered:
D:1:      ncdulo_halloftheorcs, layout_loops_ring, feat_on_display
D:2:      layout_loops_corners, ebering_ecumenical_altar_sacrificial,
          serial_co_window_serial, co_window_paths_a, co_window_paths_a,
          co_window_of_opportunity_a, co_window_paths_b, co_window_corner_a,
          co_window_broadway_a, co_window_corner_ca, co_window_unsneaky_path_e,
          co_window_cross_4, co_window_2corner, co_window_2corner,
          glass_columns_b, glass_columns_c, glass_columns_c, glass_columns_c,
          glass_columns_b
D:3:      layout_basic, gup_sewer_entry_pipe, minmay_misc_feat_enclosed,
          minmay_distorted, uniq_natasha, uniq_ijyb, uniq_jessica

Skill      XL: |  1  2  3  4 |
---------------+-------------+-----
Fighting       | 2 |  2.8
Bows           | 4 5 |  5.0
Dodging        | |  1.7
Stealth        | |  0.8

Action                   |  1- 3 |  4- 6 || total
-------------------------+-------+-------++-------
Melee: Hand axe          |    24 |    21 ||    45
 Fire: Shortbow          |    69 |     4 ||    73
 Stab: Distracted        |       |     1 ||     1
Armor: Leather armour    |     9 |     6 ||    15
Dodge: Dodged            |    23 |    16 ||    39

Table legend: (Time is in decaauts)
 A = Elapsed time spent in this place.
 B = Non-inter-level travel time spent in this place.
 C = Inter-level travel time spent in this place.
 D = Time resting spent in this place.
 E = Time spent auto-exploring this place.
 F = Levels seen in this place.
 G = Mean time per level.
                   A        B        C        D        E       F      G
               +--------+--------+--------+--------+--------+-----+--------+
         Total |   2123 |   2056 |     67 |      0 |   1457 |   3 |  707.7 |
       Dungeon |   2123 |   2056 |     67 |      0 |   1457 |   3 |  707.7 |
               +--------+--------+--------+--------+--------+-----+--------+

Top non-repeatable levels by time:
     D:2: 1134 daAuts
     D:1: 865 daAuts
     D:3: 123 daAuts
